AoeStats
← Pwncakes

Socotra

506858576Analyzed
3v3 RM · 18d ago on Sep 15, 2026· 28m 38s· 6 players
Game mode
Random Map
Map size
128×128
Population
200
Speed
Normal
Resources
Standard
Victory
Conquest
Starting age
Dark Age
Ending age
Imperial Age
RankedLock teamsTeams togetherTeam positionsShared explorationLock speedFull tech treeHidden civsTurbo modeCheats
Victory
Defeat
🇪🇸 Sicilians · Spain
1343
+15
🇺🇸 Maya · United States
1311
+16
🇩🇰 Saracens · Denmark
1277
+17
🇹🇼 Teutons · Taiwan
1315
-16
🇹🇼 Britons · Taiwan
1307
-16
🇹🇼 Khmer · Taiwan
1305
-16
TAG_MING
6:15 Loom
9:09 Feudal Age
10:36 Double-Bit Axe
11:57 Fletching
16:10 Horse Collar
23:53 Castle Age
26:15 Bow Saw
匹皮姆貓
6:46 Loom
11:20 Feudal Age
TAG_VA
6:02 Loom
9:40 Feudal Age
12:14 Double-Bit Axe
13:56 Wheelbarrow
13:32 Horse Collar
14:38 Bloodlines
17:29 Scale Barding Armor
20:22 Forging
26:29 Castle Age
26:53 Gold Mining
27:31 Husbandry
27:55 Chain Barding Armor
Pwncakes
0:26 Loom
9:47 Feudal Age
10:19 Double-Bit Axe
14:58 Fletching
18:47 Padded Archer Armor
19:04 Horse Collar
21:10 Scale Mail Armor
21:03 Gold Mining
22:45 Forging
26:45 Wheelbarrow
29:35 Castle Age
Mzackk
6:23 Loom
12:25 Feudal Age
17:06 Wheelbarrow
18:29 Fletching
22:30 Fletching
24:32 Forging
26:26 Double-Bit Axe
26:24 Horse Collar
27:37 Arson
zooy
10:41 Feudal Age
10:48 Loom
18:27 Castle Age
16:30 Double-Bit Axe
16:44 Gold Mining
17:39 Stone Mining
Connection lost

Rejoining the realm…

Still unreachable

The connection could not be restored.

Session expired

The server has moved on; the page needs a fresh start.